 Dungeon Crawl Stone Soup version 0.27-a0-679-g77a6b55cf3 (webtiles) character file.

Game seed: 10615562394291456809

1126 Dreamer the Shield-Bearer (level 8, 0/64 HPs)
             Began as a Formicid Fighter on Mar 19, 2021.
             Was a Follower of Cheibriados.
             Slain by an orc warrior
             ... wielding a +0 dire flail
              (5 damage)
             ... on level 6 of the Dungeon.
             The game lasted 00:15:34 (5832 turns).

Dreamer the Shield-Bearer (Formicid Fighter)        Turns: 5832, Time: 00:15:34

Health: 0/64       AC: 10    Str: 25    XL:     8   Next: 61%
Magic:  9/9        EV:  7    Int: 10    God:    Cheibriados [*.....]
Gold:   194        SH: 11    Dex: 12    Spells: 7/7 levels left

rFire    . . .     SeeInvis +   y - +0 morningstar
rCold    . . .     Faith    .   c - +0 kite shield
rNeg     . . .     Spirit   .   e - +0 chain mail
rPois    .         Reflect  .   (helmet unavailable)
rElec    .         Harm     .   (no cloak)
rCorr    +         Rampage  .   (no gloves)
Will     .....                  (no boots)
Stlth    ..........             (no amulet)
HPRegen  0.20/turn              g - ring of resist corrosion
MPRegen  0.11/turn              (no ring)

@: very slow
A: permanent stasis, dig shafts and tunnels, antennae 3, four strong arms
a: Dig, Shaft Self, Renounce Religion, Bend Time


You were on level 6 of the Dungeon.
You worshipped Cheibriados.
Cheibriados was aware of your devotion.
You visited 2 branches of the dungeon, and saw 7 of its levels.

You collected 314 gold pieces.
You spent 120 gold pieces at shops.

Inventory:

Hand Weapons
 y - a +0 morningstar (weapon)
Missiles
 r - 5 javelins
Armour
 c - a +0 kite shield (worn)
 e - a +0 chain mail (worn)
Jewellery
 g - a ring of resist corrosion (right hand)
 A - a ring of see invisible
Wands
 u - a wand of polymorph (5)
 w - a wand of iceblast (12)
Scrolls
 a - a scroll of vulnerability {unknown}
 b - a scroll of amnesia {unknown}
 h - 6 scrolls of identify {unknown}
 i - a scroll of silence {unknown}
 j - 2 scrolls of fear {unknown}
 l - a scroll of teleportation {unknown}
 n - 2 scrolls of immolation {unknown}
 t - a scroll of blinking {unknown}
 v - a scroll of enchant weapon {unknown}
Potions
 d - 3 potions of might
 f - 3 potions of attraction
 k - a potion of resistance {unknown}
 m - a potion of lignification {unknown}
 o - a potion of magic {unknown}
 p - a potion of berserk rage {unknown}
 q - 2 potions of brilliance {unknown}
 s - 3 potions of curing
 x - a potion of invisibility {unknown}
 z - a potion of haste {unknown}
 B - a potion of flight


   Skills:
 * Level 6.3 Fighting
 * Level 5.2 Maces & Flails
 + Level 5.8 Armour
 + Level 6.5 Shields
 + Level 2.0 Invocations


You had 7 spell levels left.
You didn't know any spells.
Your spell library contained the following spells:

 Spells                   Type           Power      Damage    Failure   Level
 Tukima's Dance           Hex            0%         N/A       100%        3
 Fulminant Prism          Conj/Hex       0%         3d6       100%        4
 Leda's Liquefaction      Hex/Erth       0%         N/A       100%        4
 Yara's Violent Unravell  Hex/Tmut       0%         3d3       100%        5


Dungeon Overview and Level Annotations

Branches:
Dungeon (6/15)             Temple (1/1) D:5

Altars:
Ashenzari
Cheibriados
Dithmenos
Elyvilon
Fedhas
Gozag
Hepliaklqana
Kikubaaqudgha
Nemelex Xobeh
Okawaru
Qazlal
Ru
Sif Muna
Trog
Vehumet
Wu Jian
Xom
Yredelemnul
The Shining One

Shops:
D:5 !


Innate Abilities, Weirdness & Mutations

You cannot be hasted, slowed, berserked, paralysed or teleported.
You can dig through walls and to a lower floor.
You have a pair of large antennae on your head. (SInv)
Your four strong arms can wield two-handed weapons with a shield.


Message History

Your Invocations skill increases to level 2!
HP restored.
Things that are here:
a +0 giant club; an ogre corpse
A - a ring of see invisible You sense a monster nearby.
You sense a monster nearby.
j - 2 scrolls labelled QUAZXIWKER (gained 1)
An orc, an orc warrior and an orc priest come into view.
The orc warrior shouts!
The orc shouts!
The orc priest shouts!
You extend your mandibles.
You dig through the rock wall.
You dig through the rock wall.
You dig through the rock wall.
You swing at nothing.
You hit the orc warrior.
The orc warrior is lightly wounded.
The orc warrior hits you with a +0 dire flail!!
You barely miss the orc warrior.
The orc warrior is lightly wounded.
You block the orc warrior's attack.
Your chain mail prevents you from hitting the orc warrior.
The orc warrior is lightly wounded.
You block the orc warrior's attack. x2
You hit the orc warrior but do no damage.
The orc warrior is lightly wounded.
The orc warrior hits you with a +0 dire flail!
You hit the orc warrior.
The orc warrior is lightly wounded.
The orc warrior hits you with a +0 dire flail!
* * * LOW HITPOINT WARNING * * *
The orc warrior hits you with a +0 dire flail!
* * * LOW HITPOINT WARNING * * *
You puncture the orc warrior!
The orc warrior is severely wounded.
The orc warrior barely misses you.
Your chain mail prevents you from hitting the orc warrior.
The orc warrior is severely wounded.
The orc warrior hits you with a +0 dire flail.
You die...

##########...#.#
..#...#.#
#.#...#.#
######.#...#.#
...........#.#
######.#..##.###
#.#.......#
#.##.###### #.
#.{#@# { #.
#{#o## { #.
#.### oo #.# #.#
{ ..# .## .


You could see an orc warrior.

Vanquished Creatures
  3 ogres
  A sky beast (D:5)
  A black bear (D:6)
  2 scorpions
  2 howler monkeys
  A centaur zombie (D:4)
  A hound (D:2)
  A bullfrog skeleton (D:4)
  A jelly (D:5)
  A centaur skeleton (D:4)
  An orc wizard (D:5)
  2 worker ants
  2 hound skeletons
  A howler monkey zombie (D:4)
  2 worker ant zombies (D:4)
  8 adders
  3 gnolls (D:4)
  2 ufetubi (D:5)
  An ooze (D:3)
  3 adder zombies (D:4)
  2 adder skeletons (D:4)
  4 worms
  2 dart slugs
  6 leopard geckos
  4 orcs (D:5)
  12 bats
  4 giant cockroaches
  8 goblins
  4 hobgoblins
  9 jackals
  3 quokkas
  4 frilled lizards
  A giant cockroach zombie (D:4)
  A jackal skeleton (D:4)
  4 kobolds
  A quokka zombie (D:4)
  9 rats
117 creatures vanquished.

Notes
Turn   | Place    | Note
-------+----------+-------------------------------------------
     0 | D:1      | Dreamer the Formicid Fighter began the quest for the Orb.
     0 | D:1      | Reached XP level 1. HP: 18/18 MP: 1/1
    95 | D:1      | Reached XP level 2. HP: 24/24 MP: 2/2
   236 | D:1      | Reached XP level 3. HP: 29/29 MP: 3/3
   643 | D:2      | Reached XP level 4. HP: 25/37 MP: 4/4
  1230 | D:2      | Reached XP level 5. HP: 39/42 MP: 5/5
  1490 | D:3      | Found a white marble altar of Elyvilon.
  1933 | D:3      | Found a shimmering blue altar of Sif Muna.
  2554 | D:4      | Reached XP level 6. HP: 33/49 MP: 6/6
  2561 | D:4      | Reached skill level 5 in Shields
  3277 | D:4      | Reached XP level 7. HP: 54/55 MP: 7/7
  3303 | D:4      | Reached skill level 5 in Fighting
  3389 | D:4      | Reached skill level 5 in Armour
  3914 | D:4      | Identified the Volume of the Oath
  4120 | D:5      | Entered Level 5 of the Dungeon
  4142 | D:5      | Found a staircase to the Ecumenical Temple.
  4171 | Temple   | Entered the Ecumenical Temple
  4388 | Temple   | Became a worshipper of Cheibriados the Contemplative
  4887 | D:5      | Found a bloodstained altar of Trog.
  4896 | D:5      | Found an opulent altar of Gozag.
  4929 | D:5      | Found Bonwepav's Distillery.
  5003 | D:5      | Reached XP level 8. HP: 47/64 MP: 8/8
  5026 | D:5      | Reached skill level 1 in Invocations
  5453 | D:5      | Reached * piety under Cheibriados
  5592 | D:5      | Bought a potion of degeneration for 12 gold pieces
  5592 | D:5      | Bought a potion of flight for 36 gold pieces
  5592 | D:5      | Bought a potion of curing for 36 gold pieces
  5592 | D:5      | Bought a potion of attraction for 36 gold pieces
  5715 | D:6      | Reached skill level 5 in Maces & Flails
  5832 | D:6      | Slain by an orc warrior

Illustrated notes

Levels and vault maps discovered:
D:1:      sevenhm_arrival_forest_fort_small_5, layout_rooms, minmay_statues_item
D:2:      layout_loops_ring, kennysheep_generic_room_14
D:3:      layout_loops_ring, lemuel_blue_sif_altar, elyvilon_altar_3
D:4:      kennysheep_spiral_hall, layout_loops_corners, serial_undead,
          serial_undead_e, serial_undead_a, serial_undead_a, serial_undead_a
D:5:      layout_loops_ring, amethyst_overflow_temple_binary, temple_pool_b,
          serial_shops, nicolae_shop_waterfront
D:6:      layout_basic, kennysheep_little_box, ebering_ghost_sewer_d,
          kennysheep_dice
Temple:   regret_index_temple_sphere_string

Skill      XL: |  1  2  3  4  5  6  7  8 |
---------------+-------------------------+-----
Shields        | 4 5 6 |  6.5
Fighting       | 4 5 6 |  6.3
Armour         | 4 5 |  5.8
Maces & Flails | 3 4 5 |  5.2
Invocations    | 2 |  2.0

Action                   |  1- 3 |  4- 6 |  7- 9 || total
-------------------------+-------+-------+-------++-------
Melee: Flail             |    87 |   243 |   162 ||   492
       Morningstar       |       |       |    20 ||    20
 Abil: Dig               |       |     1 |     1 ||     2
Armor: Chain mail        |    59 |   122 |    86 ||   267
Dodge: Dodged            |    26 |    55 |    54 ||   135
Block: Kite shield       |    59 |   132 |    92 ||   283

Table legend: (Time is in decaauts)
 A = Elapsed time spent in this place.
 B = Non-inter-level travel time spent in this place.
 C = Inter-level travel time spent in this place.
 D = Time resting spent in this place.
 E = Time spent auto-exploring this place.
 F = Levels seen in this place.
 G = Mean time per level.
                   A        B        C        D        E       F      G
               +--------+--------+--------+--------+--------+-----+--------+
         Total |   6253 |   6028 |    225 |    803 |   3763 |   7 |  893.3 |
       Dungeon |   5749 |   5560 |    189 |    569 |   3706 |   6 |  958.2 |
        Temple |    503 |    467 |     36 |    234 |     57 |   1 |  503.0 |
               +--------+--------+--------+--------+--------+-----+--------+

Top non-repeatable levels by time:
     D:4: 1783 daAuts
     D:5: 1331 daAuts
     D:3: 1079 daAuts
     D:2: 963 daAuts
  Temple: 503 daAuts
     D:1: 450 daAuts
     D:6: 141 daAuts
